 Dungeon Crawl Stone Soup version 0.32-a0-779-g362cfcae2a (webtiles) character file.

Game seed: 4189680303591241130

3 ragingrage the Sneak (level 1, -2/11 HPs)
             Began as a Vine Stalker Delver on Mar 20, 2024.
             Was an Initiate of Nemelex Xobeh.
             Slain by a hound (4 damage)
             ... on level 4 of the Dungeon.
             The game lasted 00:00:57 (225 turns).

ragingrage the Sneak (Vine Stalker Delver)           Turns: 225, Time: 00:00:58

Health: -2/11      AC:  3    Str: 14    XL:     1   Next: 50%
Magic:  0/2        EV: 10    Int: 10    God:    Nemelex Xobeh [......]
Gold:   0          SH:  0    Dex: 15    Spells: 0/0 levels left

rFire   . . .        a - +0 short sword
rCold   . . .        (no shield)
rNeg    . . .        b - +0 leather armour
rPois   .            (no helmet)
rElec   .            (no cloak)
rCorr   .            (no gloves)
SInv    .            (no boots)
Will    .....        (no amulet)
Stlth   +++          (no ring)
HPRegen 1.01/turn    (no ring)
MPRegen 0.08/turn

%: guardian spirit
@: no status effects
A: fangs 2, regeneration 1, magic shield, antimagic bite, no potion heal 2
a: Renounce Religion, Draw Escape, Draw Destruction, Draw Summoning


You were on level 4 of the Dungeon.
You worshipped Nemelex Xobeh.
Nemelex Xobeh was noncommittal.
You visited 2 branches of the dungeon, and saw 5 of its levels.

Inventory:

Hand Weapons
 a - a +0 short sword (weapon)
 i - a +0 long sword
Missiles
 h - a poisoned dart (quivered)
Armour
 b - a +0 leather armour (worn)
 j - a +3 chain mail
Wands
 g - a wand of digging (3)
Scrolls
 c - a scroll of fog
 d - a scroll of revelation
 e - a scroll of fear
Potions
 f - a potion of haste


   Skills:
 - Level 2.6 Fighting
 + Level 2.1 Short Blades
 - Level 1.5 Dodging
 - Level 6.0 Stealth


You couldn't memorise any spells.
You didn't know any spells.
Your spell library was empty.

Dungeon Overview and Level Annotations

Branches:
Dungeon (5/15)             Temple (1/1) D:4

Altars:
Ashenzari
Cheibriados
Elyvilon
Gozag
Hepliaklqana
Makhleb
Nemelex Xobeh
Okawaru
Qazlal
Ru
Sif Muna
Trog
Vehumet
Xom
Zin

Annotations:
D:3 Grinder


Innate Abilities, Weirdness & Mutations

You have extremely sharp teeth.
Your natural rate of healing is unusually fast.
When hurt, damage is shared between your health and your magic reserves.
Your bite disrupts and absorbs the magic of your enemies.
Potions cannot restore your health.


Message History

There is a staircase back to the Dungeon here.
You climb upwards.
There is a staircase to the Ecumenical Temple here.
A hound is nearby!
You see here a book of Dreams.
You see here a book of Dreams.
Throw: 2 darts (poison)
Press: ? - help, Shift-Dir - straight line, f - hound
Aim: a hound (43% to hit)
You throw a poisoned dart. The poisoned dart hits the hound.
The hound is poisoned.
The hound bites you but does no damage.
You hit the hound but do no damage. You bite the hound. You drain its power.
The hound completely misses you.
You miss the hound. The hound bites you. x2
You hit the hound. The hound bites you.
You miss the hound. The hound barely misses you.
You closely miss the hound.
The hound pauses to sniff the ground.
The hound bites you.
* * * LOW HITPOINT WARNING * * *
The hound barely misses you.
You closely miss the hound.
The hound looks more healthy.
The hound bites you.
* * * LOW HITPOINT WARNING * * *
You hit the hound but do no damage. Your bite misses the hound.
The hound barely misses you.
You closely miss the hound. Your bite misses the hound.
The hound closely misses you. The hound bites you but does no damage.
You hit the hound. The hound bites you but does no damage.
You closely miss the hound. You bite the hound. You drain its power.
You feel invigorated. The hound closely misses you. The hound bites you.
* * * LOW HITPOINT WARNING * * *
You closely miss the hound. You bite the hound, but do no damage.
The hound completely misses you.
You hit the hound. You bite the hound, but do no damage. The hound bites you.
* * * LOW HITPOINT WARNING * * *
You hit the hound but do no damage. You bite the hound. You drain its power.
You feel invigorated. The hound bites you.
You die...
Your body disappears without a glow.

........#
#<......#
..#####.##
#..###.##
##.###.#.###.#
##.<.###...#
##.## #.⌠.#
#.####...####
##.#.........###
#....⌠..>..⌠....
.......@........
....###h..######
....# #(⌠.# ..
#...# ###.# ..
... .... #.#.


You could see a hound.

Vanquished Creatures
  An orc (D:3)
  A ball python (D:2)
  A kobold (D:3)
3 creatures vanquished.

Notes
Turn   | Place    | Note
-------+----------+-------------------------------------------
     0 | D:5      | ragingrage the Vine Stalker Delver began the quest for the
                  | Orb.
     0 | D:5      | Reached XP level 1. HP: 11/11 MP: 2/2
   130 | D:3      | Noticed Grinder
   137 | D:4      | Found a staircase to the Ecumenical Temple.
   142 | D:4      | Noticed a hound
   146 | Temple   | Entered the Ecumenical Temple
   194 | Temple   | Became a worshipper of Nemelex Xobeh the Trickster
   225 | D:4      | Slain by a hound

Illustrated notes

Levels and vault maps discovered:
D:2:      layout_loops_ring, basic_altar, hex_large, minmay_misc_feat_doors,
          minmay_hexomino_p4, uniq_jessica
D:3:      layout_rooms, tgw_kikubaaqudgha, serial_park_tiny_1, uniq_grinder,
          uniq_ijyb
D:4:      minmay_chambers_of_twos, layout_loops_ring,
          minmay_temple_entry_junction
D:5:      layout_basic, serial_bayou_ford_a, minmay_misc_feat_tiny,
          st_stairs_13, lightli_minifort, uniq_eustachio
Temple:   nicolae_temple_superstar

Skill      XL: |  1 |
---------------+----+-----
Short Blades   | 2 |  2.1
Fighting       | |  2.6
Dodging        | |  1.5
Stealth        | |  6.0

Action                     || total
---------------------------++-------
  Melee: Short sword       ||    26
         Bite              ||     7
  Throw: Dart              ||     1
   Stab: Sleeping          ||     1
 Armour: Leather armour    ||    16
  Dodge: Dodged            ||    12

Table legend: (Time is in decaauts)
 A = Elapsed time spent in this place.
 B = Non-inter-level travel time spent in this place.
 C = Inter-level travel time spent in this place.
 D = Time resting spent in this place.
 E = Time spent auto-exploring this place.
 F = Levels seen in this place.
 G = Mean time per level.
                   A        B        C        D        E       F      G
               +--------+--------+--------+--------+--------+-----+--------+
         Total |    222 |    143 |     79 |      0 |     17 |   5 |   44.4 |
       Dungeon |    160 |    141 |     19 |      0 |     17 |   4 |   40.0 |
        Temple |     61 |      1 |     60 |      0 |      0 |   1 |   61.0 |
               +--------+--------+--------+--------+--------+-----+--------+

Top non-repeatable levels by time:
     D:4: 61 daAuts
  Temple: 61 daAuts
     D:3: 54 daAuts
     D:5: 23 daAuts
     D:2: 21 daAuts
